Description

This is a basic sentry + stalker pvp build

VOD

https://www.youtube.com/watch?v=ri17fOYVJBk

Replay - A.I. 1 (Harder) v Indy - Ascension to Aiur LE

Build Order

Get SALT Encoding   

  12  0:00  Probe  
  13  0:12  Probe  
  14  0:17  Pylon  
  14  0:24  Probe  
  15  0:35  Gateway  Chrono probes
  15  0:37  Probe (Chrono Boost)  
  16  0:46  Probe x2 (Chrono Boost)  
  16  0:47  Assimilator  2 probes
  17  0:57  Assimilator  2 probes
  18  1:03  Probe  
  19  1:10  Gateway  use the probe which checked for cannon rush
  19  1:15  Probe  
  20  1:23  Cybernetics Core  add 3rd probe into each assimilator as you produce them (15/16 in nexus at this stage), send the probe to scout
  20  1:27  Probe  
  21  1:35  Pylon  in main mineral line
  22  1:40  Probe  
  23  1:54  Warp Gate (Chrono Boost)  
  23  1:59  Sentry, Stalker  
  28  2:10  Pylon  in natural, chrono warp gate
  28  2:26  Stalker x2  
  32  2:50  Nexus  
  32  3:04  Robotics Facility  Resume probe production
  33  3:16  Shield Battery  in natural exp
  36  3:20  Sentry  
  36  3:26  Pylon  scout with hallucinated phoenix
  36  3:33  Shield Battery  in main mineral line, 1 enough for an oracle
  38  3:49  Twilight Council  
  38  3:51  Observer  
  42  4:13  Immortal (Chrono Boost)  
  47  4:21  Sentry  no more sentries
  50  4:31  Blink (Chrono Boost)  or charge
  52  4:39  Pylon  
  55  4:56  Immortal  
  61  5:03  Forge  
  62  5:11  Gateway x2  
  65  5:28  Assimilator x2  
  65  5:30  Stalker x2  
  69  5:39  Immortal (Chrono Boost)  
  73  5:44  Protoss Ground Weapons Level 1 (Chrono Boost)  
  74  6:08  Stalker x2  
  78  6:15  Nexus  
  80  6:34  Templar Archives  
  80  6:35  Gateway x2  
  80  6:38  Charge  or blink
  82  6:55  Gateway x2  
  84  7:06  Immortal (Chrono Boost)  
  92  7:24  Protoss Ground Weapons Level 2 (Chrono Boost)  
  92  7:25  High Templar x2  
  92  7:26  Zealot x2  
  100  7:30  Archon  
  101  7:41  Warp Prism  
  101  7:44  High Templar x2  
  101  7:49  Archon  
  110  8:09  Assimilator x2  
  121  8:16  Observer  
  122  8:21  High Templar x2  
  136  8:29  Archon  
  138  8:53  High Templar x2  
  154  8:57  Archon  
  154  9:08  Nexus  
  154  9:11  Protoss Ground Weapons Level 3 (Chrono Boost)  
  157  9:17  Immortal (Chrono Boost)  
  161  9:33  Stargate  
  161  9:51  Gateway x2  
Spawning Tool Build Advisor. Get it on Overwolf

Analysis

after hitting 180 supply and 4 bases, start making carriers

Go to:

Details

  • Created by: kraken
  • Published on: May 25, 2018
  • Modified on: May 25, 2018
  • Patch: 4.0.0
Show
View Real Time Build Order
Export as new Build Order

Comments (0)

There are no comments. Be the first!

Create an account to comment!